 Dungeon Crawl Stone Soup version 0.28-a0-862-g58c29a6370 (webtiles) character file.

Game seed: 15429998063882618132

23 Ijustatesigmund the Skirmisher (level 3, 0/36 HPs)
             Began as a Gargoyle Fighter on Nov 16, 2021.
             Slain by a gnoll (4 damage)
             ... on level 2 of the Dungeon.
             The game lasted 00:02:20 (743 turns).

Ijustatesigmund the Skirmisher (Gargoyle Fighter)    Turns: 743, Time: 00:02:21

Health: 0/36       AC: 21    Str: 19    XL:     3   Next: 0%
Magic:  3/3        EV:  2    Int:  8    God:
Gold:   74         SH:  4    Dex: 10    Spells: 2/2 levels left

rFire   . . .      SeeInvis .   a - +1 flail
rCold   . . .      Faith    .   c - +0 buckler
rNeg    + . .      Spirit   .   (armour currently unavailable)
rPois   ∞          Reflect  .   (helmet currently unavailable)
rElec   .          Harm     .   (cloak currently unavailable)
rCorr   .          Rampage  .   (gloves currently unavailable)
Will    .....      NoTele   +   (boots currently unavailable)
Stlth   +.........              (no amulet)
HPRegen 0.12/turn               (no ring)
MPRegen 0.08/turn               (no ring)

@: tree-form, attractive
A: stationary, stasis, torment immunity, boosted hp, sickness immunity, AC +3,
negative energy resistance 1, (electricity resistance), torment resistance 1,
petrification resistance
a: no special abilities


You were on level 2 of the Dungeon.
You were a tree.
You visited 1 branch of the dungeon, and saw 2 of its levels.

You collected 74 gold pieces.

Inventory:

Hand Weapons
 a - a +1 flail (weapon)
Armour
 b - a +0 chain mail (melded)
 c - a +0 buckler (worn)
Scrolls
 f - a scroll of immolation {unknown}
 g - a scroll of identify
Potions
 d - a potion of might


   Skills:
 + Level 3.9 Fighting
 + Level 2.7 Maces & Flails
 - Level 3.2 Armour
 - Level 3.2 Shields


You had 2 spell levels left.
You didn't know any spells.
Your spell library contained the following spells:

 Spells                   Type           Power      Damage    Failure   Level
 Ignite Poison            Fire/Tmut/Pois 0%         N/A       80%         3
 Mephitic Cloud           Conj/Pois/Air  0%         N/A       80%         3
 Freezing Cloud           Conj/Ice/Air   0%         6-21      100%        5


Dungeon Overview and Level Annotations

Branches:
Dungeon (2/15)

Altars:
Hepliaklqana


Innate Abilities, Weirdness & Mutations

You are a tree.
Your roots penetrate the ground, keeping you stationary.
You cannot be teleported.
You are immune to unholy pain and torment.
Your maximum health is greatly increased.
Your equipment is partially melded.
You are immune to sickness and miasma.
((Your stone body is resilient. (AC +3)))
You are immune to poison.
You resist negative energy. (rN+)
((You are resistant to electric shocks. (rElec)))
You are resistant to unholy torment.
You are immune to petrification.


Message History

You barely miss the gnoll. You block the gnoll's attack.
The gnoll barely misses you.
You barely miss the gnoll. You block the gnoll's attack.
The gnoll closely misses you. You block the gnoll's attack.
The gnoll hits you but does no damage.
You sock the gnoll!
The gnoll is heavily wounded.
The gnoll hits you but does no damage. x2
You hit the gnoll.
The gnoll is severely wounded.
The gnoll hits you but does no damage. The gnoll barely misses you.
You hit the gnoll but do no damage.
The gnoll is severely wounded.
The gnoll hits you but does no damage. The gnoll hits you with a +0 halberd!
Ouch! That really hurt!
The gnoll hits you with a +0 club.
* * * LOW HITPOINT WARNING * * *
The gnoll closely misses you. The gnoll hits you but does no damage.
Really quaff the potion of lignification?
You turn into a tree.
Your +0 chain mail melds into your body.
Your roots penetrate the ground.
The gnoll hits you but does no damage. You block the gnoll's attack.
It was a potion of attraction.
You feel attractive to monsters. The gnoll barely misses you.
You block the gnoll's attack.
You hit the gnoll.
The gnoll is lightly wounded.
The gnoll hits you but does no damage.
The gnoll hits you from afar with a +0 halberd.
* * * LOW HITPOINT WARNING * * *
You hit the gnoll.
The gnoll is heavily wounded.
You block the gnoll's attack. The gnoll hits you but does no damage.
You hit the gnoll.
The gnoll is severely wounded.
The gnoll barely misses you. The gnoll hits you but does no damage.
The gnoll hits you from afar with a +0 halberd.
You die...

# .## #.## #S.#
#+# #g# #.# #g#
#.##########♣#
##.#..........#
####....##########
.##.....#
.###....#
.##.....#
.#......#
....._..#
.##.....#


You could see 2 gnolls and an adder.

Vanquished Creatures
  2 dart slugs
  An endoplasm (D:1)
  2 giant cockroaches
  4 goblins
  2 quokkas
  A ball python (D:1)
  A frilled lizard (D:1)
  3 kobolds (D:1)
  2 rats (D:1)
18 creatures vanquished.

Notes
Turn   | Place    | Note
-------+----------+-------------------------------------------
     0 | D:1      | Ijustatesigmund the Gargoyle Fighter began the quest for
                  | the Orb.
     0 | D:1      | Reached XP level 1. HP: 14/14 MP: 1/1
    59 | D:1      | Reached XP level 2. HP: 18/19 MP: 2/2
   231 | D:1      | Found a faded altar of an unknown god.
   537 | D:2      | Found a hazy altar of Hepliaklqana.
   619 | D:2      | Reached XP level 3. HP: 22/24 MP: 3/3
   743 | D:2      | Slain by a gnoll

Illustrated notes

Levels and vault maps discovered:
D:1:      shiori_arrival_oz, layout_rooms, ebering_ecumenical_altar_rust,
          minmay_misc_feat_chi
D:2:      layout_loops_corners, basic_altar, serial_glass, glass_columns_a,
          glass_columns_a

Action                   || total
-------------------------++-------
Melee: Flail             ||    64
  Use: Scroll            ||     5
       Potion            ||     2
Armor: Scale mail        ||    21
       Chain mail        ||    15
       Skin              ||     4
Dodge: Dodged            ||    29
Block: Buckler           ||    17

Table legend: (Time is in decaauts)
 A = Elapsed time spent in this place.
 B = Non-inter-level travel time spent in this place.
 C = Inter-level travel time spent in this place.
 D = Time resting spent in this place.
 E = Time spent auto-exploring this place.
 F = Levels seen in this place.
 G = Mean time per level.
                   A        B        C        D        E       F      G
               +--------+--------+--------+--------+--------+-----+--------+
         Total |    761 |    755 |      6 |      2 |    571 |   2 |  380.5 |
       Dungeon |    761 |    755 |      6 |      2 |    571 |   2 |  380.5 |
               +--------+--------+--------+--------+--------+-----+--------+

Top non-repeatable levels by time:
     D:1: 550 daAuts
     D:2: 210 daAuts
